 Dungeon Crawl Stone Soup version 0.32-a0-913-g739538afd8 (webtiles) character file.

Game seed: 8909467546583738930

36 Rohain the Grasshopper (level 3, -1/31 HPs)
             Began as a Gnoll Warper on Apr 9, 2024.
             Slain by an iguana (8 damage)
             ... on level 2 of the Dungeon.
             The game lasted 00:01:11 (1197 turns).

Rohain the Grasshopper (Gnoll Warper)               Turns: 1197, Time: 00:01:11

Health: -1/31      AC:  3    Str: 10    XL:     3   Next: 37%
Magic:  0/9        EV: 12    Int: 12    God:
Gold:   69         SH:  0    Dex: 13    Spells: 12/12 levels left

rFire   . . .        a - +0 spear
rCold   . . .        (no shield)
rNeg    . . .        b - +0 leather armour
rPois   .            (no helmet)
rElec   .            (no cloak)
rCorr   .            (no gloves)
SInv    .            (no boots)
Will    .....        j - amulet of guardian spirit
Stlth   +            (no ring)
HPRegen 0.25/turn    (no ring)
MPRegen 0.11/turn

%: guardian spirit
@: no status effects
A: fangs 1, strong nose, distributed training
a: no special abilities


You were on level 2 of the Dungeon.
You visited 1 branch of the dungeon, and saw 2 of its levels.

You collected 69 gold pieces.

Inventory:

Hand Weapons
 a - a +0 spear (weapon)
Missiles
 d - 7 darts of dispersal (quivered)
 m - a throwing net
Armour
 b - a +0 leather armour (worn)
Jewellery
 j - an amulet of guardian spirit (around neck)
Wands
 k - a wand of flame (24)
Scrolls
 c - a scroll of blinking
 e - 2 scrolls of identify
 f - a scroll of teleportation {unknown}
 g - a scroll of noise
 h - a scroll of fog {unknown}
 l - a scroll of enchant weapon {unknown}
 p - a scroll of fear {unknown}
Potions
 i - a potion of enlightenment {unknown}
 n - a potion of curing {unknown}
 o - a potion of brilliance {unknown}


   Skills:
 + Level 4.5 Fighting
 + Level 0.8 Short Blades
 + Level 0.8 Long Blades
 + Level 0.8 Axes
 + Level 0.8 Maces & Flails
 + Level 4.5 Polearms
 + Level 0.8 Staves
 + Level 0.8 Ranged Weapons
 + Level 2.6 Throwing
 + Level 2.6 Armour
 + Level 4.5 Dodging
 + Level 0.8 Stealth
 + Level 0.8 Shields
 + Level 0.8 Unarmed Combat
 + Level 5.0 Spellcasting
 + Level 0.5 Conjurations
 + Level 0.5 Hexes
 + Level 0.5 Summonings
 + Level 0.5 Necromancy
 + Level 5.4 Translocations
 + Level 0.5 Fire Magic
 + Level 0.5 Ice Magic
 + Level 0.5 Air Magic
 + Level 0.5 Earth Magic
 + Level 0.5 Alchemy
 + Level 1.0 Invocations
 + Level 0.8 Evocations
 + Level 0.7 Shapeshifting


You had 12 spell levels left.
You didn't know any spells.
Your spell library contained the following spells:

 Spells                   Type           Power      Damage    Failure   Level
 Blink                    Tloc           32%        N/A       4%          2
 Lesser Beckoning         Tloc           32%        N/A       4%          2
 Maxwell's Portable Pile  Tloc           16%        2d(6-18)  9%          3
 Teleport Other           Tloc           16%        N/A       9%          3
 Vhi's Electric Charge    Tloc/Air       20%        N/A       58%         4


Dungeon Overview and Level Annotations

Branches:
Dungeon (2/15)

Altars:


Innate Abilities, Weirdness & Mutations

You have very sharp teeth.
Your uncanny sense of smell can sniff out nearby items.
Your experience applies equally to all skills.


Message History

The endoplasm is heavily wounded.
The endoplasm closely misses you.
You hit the endoplasm but do no damage. You bite the endoplasm.
The endoplasm is almost dead.
The endoplasm hits you but does no damage.
You hit the endoplasm.
You kill the endoplasm!
No target in view!
No target in view!
o - a blue potion You now have 69 gold pieces (gained 14).
p - a scroll labelled VOSTEGETHI You open the door.
There is an open door here.
There is an open door here.
You open the door.
There is an open door here.
An iguana comes into view.
The iguana hisses angrily.
You reach to attack!
You hit the iguana but do no damage. You hit the iguana but do no damage.
The iguana bites you!
You barely miss the iguana. The iguana bites you!
You hit the iguana but do no damage. The iguana bites you!
You are too injured to fight recklessly!
You barely miss the iguana. The iguana closely misses you.
You don't know any spells.
Sorry, you're not good enough to have a special ability.
You hit the iguana. You bite the iguana.
The iguana is moderately wounded.
The iguana closely misses you.
You hit the iguana. You bite the iguana.
The iguana is heavily wounded.
You barely miss the iguana.
The iguana is heavily wounded.
The iguana bites you.
* * * LOW HITPOINT WARNING * * *
You barely miss the iguana.
The iguana is heavily wounded.
The iguana bites you!
You die...

............................#.# #
#.####..................#####.# #
.....+......#...............#.# #
#.####......#.#############.#.# .
#.# #......#.# #.#.### #.#
#.....)#.# #####.#.#.. #.#
##.#+###.# #.......#.# #.#
#...#.####### #.......... #.#
#.#.#...@l..# #.......#.# ..#####
...#.####.## #.......+..
......#.###.#.####.# #.......#.#
#####.#............# #####'#.#.#
#####.#####.######## #.#.#.#
#.....# #.# #######.#.#..
#.##..#####.# ............#
#.##..#.....# ........#.#.#
#.##..#.....#################.#.#


You could see an iguana.

Vanquished Creatures
  A dart slug (D:1)
  4 endoplasms
  3 giant cockroaches (D:1)
  A goblin (D:1)
  5 hobgoblins
  3 quokkas (D:1)
  4 ball pythons
  2 bats
  2 frilled lizards (D:1)
  A kobold (D:2)
  7 rats
33 creatures vanquished.

Notes
Turn   | Place    | Note
-------+----------+-------------------------------------------
     0 | D:1      | Rohain the Gnoll Warper began the quest for the Orb.
     0 | D:1      | Reached XP level 1. HP: 20/20 MP: 6/6
   148 | D:1      | Reached XP level 2. HP: 26/26 MP: 7/7
   367 | D:1      | Reached skill level 5 in Spellcasting
   367 | D:1      | Reached XP level 3. HP: 31/31 MP: 7/9
   899 | D:2      | Reached skill level 1 in Invocations
  1197 | D:2      | Slain by an iguana

Illustrated notes

Levels and vault maps discovered:
D:1:      dpeg_arrival_rooms_b, layout_rooms
D:2:      layout_basic

Skill      XL: |  1  2  3 |
---------------+----------+-----
Spellcasting   | 5 |  5.0
Invocations    | 1 |  1.0
Fighting       | |  4.5
Short Blades   | |  0.8
Long Blades    | |  0.8
Axes           | |  0.8
Maces & Flails | |  0.8
Polearms       | |  4.5
Staves         | |  0.8
Ranged Weapons | |  0.8
Throwing       | |  2.6
Armour         | |  2.6
Dodging        | |  4.5
Stealth        | |  0.8
Shields        | |  0.8
Unarmed Combat | |  0.8
Conjurations   | |  0.5
Hexes          | |  0.5
Summonings     | |  0.5
Necromancy     | |  0.5
Translocations | |  5.4
Fire Magic     | |  0.5
Ice Magic      | |  0.5
Air Magic      | |  0.5
Earth Magic    | |  0.5
Alchemy        | |  0.5
Evocations     | |  0.8
Shapeshifting  | |  0.7

Action                     || total
---------------------------++-------
  Melee: Spear             ||   128
         Bite              ||     7
    Use: Scroll            ||     1
   Stab: Sleeping          ||     3
 Armour: Leather armour    ||    39
  Dodge: Dodged            ||    51

Table legend: (Time is in decaauts)
 A = Elapsed time spent in this place.
 B = Non-inter-level travel time spent in this place.
 C = Inter-level travel time spent in this place.
 D = Time resting spent in this place.
 E = Time spent auto-exploring this place.
 F = Levels seen in this place.
 G = Mean time per level.
                   A        B        C        D        E       F      G
               +--------+--------+--------+--------+--------+-----+--------+
         Total |   1180 |   1165 |     15 |     45 |    905 |   2 |  590.0 |
       Dungeon |   1180 |   1165 |     15 |     45 |    905 |   2 |  590.0 |
               +--------+--------+--------+--------+--------+-----+--------+

Top non-repeatable levels by time:
     D:2: 601 daAuts
     D:1: 579 daAuts
